 Dungeon Crawl Stone Soup version 0.32-a0-931-g5a2cda0630 (webtiles) character file.

Game seed: 863856293610134053

9510 bananaken the Basher (level 11, -8/153 (163) HPs)
             Began as a Troll Monk on Apr 14, 2024.
             Was an Elder of Wu Jian.
             Mangled by a two-headed ogre
             ... wielding a +0 giant club
              (12 damage)
             ... on level 10 of the Dungeon.
             The game lasted 00:20:24 (7893 turns).

bananaken the Basher (Troll Monk)                   Turns: 7893, Time: 00:20:25

HP:   -8/153 (163)  AC: 25    Str: 25    XL:     11   Next: 24%
MP:   10/10         EV:  1    Int:  6    God:    Wu Jian [****..]
Gold: 540           SH:  0    Dex: 18    Spells: 10/10 levels left

rFire   . . .        j - +0 morningstar (heavy)
rCold   . . .        d - orb {light}
rNeg    . . .        F - melded +1 animal skin
rPois   +            (helmet currently unavailable)
rElec   .            b - melded +0 cloak
rCorr   +            (gloves unavailable)
SInv    .            (boots unavailable)
Will    .....        s - amulet of regeneration
Stlth   +            H - ring of resist corrosion
HPRegen 2.05/turn    E - +6 ring of dexterity
MPRegen 0.12/turn

%: no passive effects
@: confused, exhausted, tree-form, ambrosia-drunk, slowed, glowing, drained,
very slow
A: stationary, stasis, torment immunity, boosted hp, large, unfitting armour,
(claws 3), regeneration 1, (shaggy fur 1), (tough skin 1)
a: Renounce Religion, Wall Jump, Serpent's Lash


You were on level 10 of the Dungeon.
You worshipped Wu Jian.
Wu Jian was greatly pleased with you.
You were a tree.
You visited 2 branches of the dungeon, and saw 11 of its levels.
You also visited: Ossuary.

You collected 582 gold pieces.
You spent 42 gold pieces at shops.

Inventory:

Hand Weapons
 a - a +0 mace
 i - a +1 flail of protection
 j - a +0 heavy morningstar (weapon)
 m - a +2 short sword of venom
 K - a +2 mace of venom
 L - a +0 giant spiked club of freezing
Missiles
 A - 7 large rocks (quivered)
 B - 23 poisoned darts
Armour
 b - a +0 cloak (melded)
 d - an orb of light (worn)
 F - a +1 animal skin (melded)
 I - the +0 robe of the Gloaming {*Slow rF++ rC+++ Dex-4}
   (You found it on level 7 of the Dungeon)

   Dex-4:     It affects your dexterity (-4).
   rF++:      It greatly protects you from fire.
   rC+++:     It renders you almost immune to cold.
   *Slow:     It may slow you when you take damage.
Jewellery
 f - a ring of see invisible
 s - an amulet of regeneration (around neck)
 w - a ring of flight
 E - a +6 ring of dexterity (right branch)
 H - a ring of resist corrosion (left branch)
Wands
 r - a wand of flame (6)
 G - a wand of polymorph (17)
Scrolls
 g - 5 scrolls of teleportation
 h - a scroll of identify
 l - 2 scrolls of amnesia
 o - a scroll of poison
 p - a scroll of blinking {unknown}
 v - 2 scrolls of noise {unknown}
 y - 2 scrolls of enchant armour
 C - a scroll of revelation
 J - a scroll of immolation {unknown}
Potions
 e - a potion of magic
 k - 2 potions of invisibility
 n - a potion of resistance
 q - 2 potions of attraction
 x - a potion of brilliance {unknown}
 D - 2 potions of curing
Miscellaneous
 t - a phial of floods


   Skills:
 + Level 7.4 Fighting
 * Level 10.6 Maces & Flails
 + Level 1.5 Throwing
 + Level 1.3 Armour
 - Level 7.1 Dodging
 + Level 5.2 Evocations


You had 10 spell levels left.
You didn't know any spells.
Your spell library contained the following spells:

 Spells                   Type           Power      Damage    Failure   Level
 Blink                    Tloc           0%         N/A       58%         2
 Call Imp                 Summ           0%         N/A       58%         2
 Lesser Beckoning         Tloc           0%         N/A       58%         2
 Momentum Strike          Conj/Tloc      0%         3d8       58%         2
 Sublimation of Blood     Necr           0%         N/A       58%         2
 Inner Flame              Hex/Fire       0%         N/A       83%         3
 Flame Wave               Conj/Fire      0%         2d4       99%         4
 Sticky Flame             Fire/Alch      0%         2d4       99%         4
 Summon Hydra             Summ           0%         N/A       100%        7


Dungeon Overview and Level Annotations

Branches:
Dungeon (10/15)            Temple (1/1) D:7         Ossuary (visited)
   Lair: D:8-11         Orc: D:9-12

Altars:
Ashenzari
Cheibriados
Dithmenos
Elyvilon
Fedhas
Gozag
Hepliaklqana
Kikubaaqudgha
Makhleb
Qazlal
Sif Muna
Uskayaw
Vehumet
Wu Jian
Xom
Yredelemnul
Zin
The Shining One

Shops:
D:1 !=!   D:9 ?

Annotations:
D:5 3 runed translucent doors, Biggs's ghost, amateur VSBr; Biggs's ghost, novice VSBr; HilariousDeathArtist's ghost, novice MDHu; Nietzsche's ghost, weakling HuSh; Pokonic1's ghost, novice TrBe
D:8 2 runed translucent doors
D:10 Snorg


Innate Abilities, Weirdness & Mutations

You are a tree.
Your roots penetrate the ground, keeping you stationary.
You cannot be teleported.
You are immune to unholy pain and torment.
Your maximum health is greatly increased.
Your equipment is partially melded.
You are too large for most types of armour.
((You have claws for hands.))
Your natural rate of healing is unusually fast.
((You are covered in fur. (AC +1)))
((You have tough skin. (AC +1)))


Message History

The yak gores you but does no damage. The yak gores you!
* * * LOW HITPOINT WARNING * * *
The yak barely misses you. The yak gores you.
* * * LOW HITPOINT WARNING * * *
Unknown command.
Unknown command.
You feel much better. The yak gores you!
* * * LOW HITPOINT WARNING * * *
The yak gores you!
* * * LOW HITPOINT WARNING * * *
The yak barely misses you.
Unknown command.
Unknown command.
Unknown command.
Unknown command.
Okay, then.
Found a stone staircase leading down.
You spin to attack the yak, but your attack speed is too slow for a blow to land.
The yak gores you.
* * * LOW HITPOINT WARNING * * *
The yak closely misses you. The yak barely misses you.
Unknown command.
Unknown command.
You turn into a tree.
Your +0 cloak melds into your body.
Your +1 animal skin melds into your body.
Your roots penetrate the ground.
The yak gores you but does no damage. x4
Unknown command.
Unknown command.
You are confused.
You feel invigorated. The yak gores you!
* * * LOW HITPOINT WARNING * * *
The yak gores you!
* * * LOW HITPOINT WARNING * * *
The yak gores you.
* * * LOW HITPOINT WARNING * * *
The yak gores you but does no damage. x2; The yak gores you!
* * * LOW HITPOINT WARNING * * *
The yak gores you but does no damage. x2
The two-headed ogre hits you with a +0 giant club!
You die...

# ####
#.#...
#.#...
#.....
>.....
####...##
..!....Y####
.......Y♣..#
.......YYO.#
#######....#
.....#
##.#..#
#.#..#
#.##.# ..#
.#


You could see a two-headed ogre and 4 yaks.

Vanquished Creatures
  2 boulder beetles (D:8)
  3 two-headed ogres
  2 cyclopes (D:8)
  2 hornets
  Sigmund (D:2)
  5 yaks (D:8)
  Grum (D:8)
  A steam dragon (D:8)
  8 water moccasins
  2 orc warriors (D:8)
  An ice beast (D:5)
  2 sky beasts (D:8)
  3 ogres
  4 centaurs
  4 wolves (D:8)
  The ghost of JeszeEnbee the Apothecary, an amateur MfAl (D:3)
  2 phantoms
  2 kobold brigands
  5 bullfrogs
  A scorpion (D:6)
  10 wights (D:9)
  A killer bee (D:8)
  2 electric eels (D:8)
  3 bombardier beetles
  A hound (D:4)
  A jelly (D:7)
  2 orc priests
  A gnoll bouda (D:9)
  Terence (D:2)
  4 iguanas
  A sleepcap (D:6)
  8 mummies (Ossuary)
  8 gnolls
  5 adders
  A shadow imp (D:5)
  A white imp (D:6)
  4 ufetubi
  4 dart slugs
  3 ribbon worms
  17 orcs
  5 ball pythons
  4 endoplasms
  3 giant cockroaches
  A gnoll zombie (Ossuary)
  8 hobgoblins
  5 quokkas
  3 bats
  2 frilled lizards
  4 goblins
  4 hobgoblin zombies (Ossuary)
  8 kobolds
  A kobold zombie (Ossuary)
  2 orc zombies (Ossuary)
  3 rats
183 creatures vanquished.

Notes
Turn   | Place    | Note
-------+----------+-------------------------------------------
     0 | D:1      | bananaken the Troll Monk began the quest for the Orb.
     0 | D:1      | Reached XP level 1. HP: 22/22 MP: 0/0
   276 | D:1      | Found Wurefune's Distillery.
   290 | D:1      | Reached XP level 2. HP: 29/29 MP: 1/1
   419 | D:1      | Found Loph's Distillery.
   425 | D:1      | Bought a potion of lignification for 42 gold pieces
   491 | D:1      | Found Hywn's Jewellery Shop.
   688 | D:2      | Reached skill level 3 in Maces & Flails
   724 | D:2      | Reached XP level 3. HP: 34/36 MP: 2/2
   796 | D:2      | Noticed Sigmund
   806 | D:2      | Killed Sigmund
   807 | D:2      | Reached XP level 4. HP: 45/45 MP: 3/3
   807 | D:2      | Reached XP level 5. HP: 53/53 MP: 4/4
  1009 | D:2      | Noticed Terence
  1026 | D:2      | Killed Terence
  1027 | D:2      | Reached skill level 4 in Maces & Flails
  1849 | D:3      | Found an ornate altar of the Wu Jian Council.
  1885 | D:3      | Became a worshipper of the Wu Jian Council
  1885 | D:3      | Reached * piety under Wu Jian
  1885 | D:3      | Reached ** piety under Wu Jian
  2279 | D:3      | Found a runed translucent door.
  2281 | D:3      | Noticed JeszeEnbee's ghost (amateur MfAl)
  2310 | D:3      | Killed JeszeEnbee's ghost
  2311 | D:3      | Reached XP level 6. HP: 36/62 MP: 5/5
  2411 | D:3      | Noticed a water moccasin
  2808 | D:4      | Reached skill level 5 in Maces & Flails
  2809 | D:4      | Reached XP level 7. HP: 70/70 MP: 6/6
  3343 | D:5      | Entered Level 5 of the Dungeon
  3405 | D:5      | Found a runed translucent gate.
  3405 | D:5      | Found a runed translucent gate.
  3405 | D:5      | Found a runed translucent gate.
  3406 | D:5      | Noticed HilariousDeathArtist's ghost (novice MDHu)
  3406 | D:5      | Noticed Pokonic1's ghost (novice TrBe)
  3406 | D:5      | Noticed Nietzsche's ghost (weakling HuSh)
  3406 | D:5      | Noticed Biggs's ghost (novice VSBr)
  3406 | D:5      | Noticed Biggs's ghost (amateur VSBr)
  3770 | D:5      | Reached skill level 1 in Evocations
  3990 | D:6      | Found a sand-covered staircase.
  3996 | Ossuary  | Entered an ossuary
  4002 | Ossuary  | Reached *** piety under Wu Jian
  4049 | Ossuary  | Reached skill level 6 in Maces & Flails
  4061 | Ossuary  | Reached XP level 8. HP: 79/79 MP: 7/7
  4428 | D:6      | Reached skill level 5 in Fighting
  4491 | D:6      | Reached skill level 5 in Dodging
  5009 | D:7      | Reached skill level 7 in Maces & Flails
  5043 | D:7      | Identified the +0 robe of the Gloaming {*Slow rF++ rC+++
                  | Dex-4}
  5115 | D:7      | Found a hazy altar of Hepliaklqana.
  5231 | D:7      | Reached XP level 9. HP: 59/88 MP: 8/8
  5330 | D:7      | Found a staircase to the Ecumenical Temple.
  5394 | Temple   | Entered the Ecumenical Temple
  5411 | D:8      | Found a glowing golden altar of the Shining One.
  5411 | D:8      | Found a glowing silver altar of Zin.
  5575 | D:8      | Reached skill level 8 in Maces & Flails
  5645 | D:8      | Found a large runed translucent door.
  5645 | D:8      | Found a large runed translucent door.
  5672 | D:8      | Reached **** piety under Wu Jian
  5688 | D:8      | Noticed a cyclops
  5688 | D:8      | Noticed a boulder beetle
  5694 | D:8      | Found a large runed translucent door.
  5694 | D:8      | Found a large runed translucent door.
  5696 | D:8      | Noticed a two-headed ogre
  5730 | D:8      | Killed a two-headed ogre
  5739 | D:8      | Reached XP level 10. HP: 98/98 MP: 9/9
  5945 | D:8      | Reached skill level 9 in Maces & Flails
  5956 | D:8      | Paralysed by a hornet for 2 turns
  6015 | D:8      | Noticed Grum
  6105 | D:8      | Killed Grum
  6439 | D:8      | Noticed a cyclops
  6447 | D:8      | Killed a cyclops
  6501 | D:8      | Killed a boulder beetle
  6503 | D:8      | Killed a cyclops
  6503 | D:8      | Reached skill level 10 in Maces & Flails
  6514 | D:8      | Noticed a boulder beetle
  6548 | D:8      | Killed a boulder beetle
  6549 | D:8      | Reached skill level 5 in Evocations
  7179 | D:9      | Noticed a two-headed ogre
  7190 | D:9      | Reached XP level 11. HP: 55/109 MP: 10/10
  7195 | D:9      | Killed a two-headed ogre
  7263 | D:9      | Noticed a two-headed ogre
  7272 | D:9      | Killed a two-headed ogre
  7272 | D:9      | Reached skill level 1 in Throwing
  7272 | D:9      | Reached skill level 1 in Armour
  7637 | D:9      | Found Xezxodo's Magic Scroll Shop.
  7880 | D:10     | Entered Level 10 of the Dungeon
  7882 | D:10     | Noticed Snorg
  7884 | D:10     | Paralysed by a hornet for 3 turns
  7887 | D:10     | HP: 3/102 [Snorg (4)]
  7889 | D:10     | Noticed a two-headed ogre
  7893 | D:10     | HP: 4/153 [yak (10)]
  7893 | D:10     | Mangled by a two-headed ogre

Illustrated notes

Levels and vault maps discovered:
D:1:      co_arrival_square_in_a_square_in_a_square, layout_loops_ring,
          serial_shops, nicolae_shop_industrial_runoff,
          nicolae_shop_industrial_runoff, nicolae_shop_gaudy_bauble,
          minmay_tromino_v4_a
D:2:      layout_basic, uniq_sigmund, uniq_terence
D:3:      layout_basic, nzn_wu_jian_contemplation, gammafunk_ghost_grave,
          kennysheep_nondescript, lightli_corner_chamber
D:4:      layout_basic, amethyst_killhole
D:5:      layout_cave_pools, gammafunk_ghost_cemetery, grunt_decor_mini_mirrors
D:6:      layout_loops_ring, enter_ossuary_1, minmay_misc_feat_doors,
          corexii_hall_statues_l, patterned_corridor
D:7:      layout_rooms, mainiacjoe_overflow_catwalk,
          minmay_temple_entry_proselytizer
D:8:      statuecave_lemuel, layout_loops_ring,
          chequers_temple_overflow_statue_of_worship,
          minmay_hollow_rounded_squares, uniq_grum
D:9:      layout_gridville, serial_shops, shop_statue, serial_glass,
          glass_columns_a, glass_columns_a, glass_columns_c, glass_columns_a,
          glass_columns_a, glass_columns_b, glass_columns_b, glass_columns_c,
          minmay_strange_pillars, item_on_display_a, minmay_strange_pillars,
          feat_on_display, chequers_serial_rivers_small_3
D:10:     layout_basic, nicolae_overflow_hidden_temple,
          kennysheep_generic_room_13, uniq_snorg, uniq_maurice, uniq_harold,
          uniq_psyche
Temple:   eino_temple_lava

Skill      XL: |  1  2  3  4  5  6  7  8  9 10 11 |
---------------+----------------------------------+-----
Maces & Flails | 3 4 5 6 7 8 10 | 10.6
Fighting       | 3 4 5 6 7 |  7.4
Dodging        | 3 4 5 6 7 |  7.1
Evocations     | 1 2 3 5 |  5.2
Throwing       | 1 |  1.5
Armour         | 1 |  1.3

Action                     |  1- 3 |  4- 6 |  7- 9 | 10-12 || total
---------------------------+-------+-------+-------+-------++-------
  Melee: Mace              |    56 |    39 |    78 |   217 ||   390
         Short sword       |       |    68 |       |       ||    68
         Flail             |       |    57 |   209 |       ||   266
         Morningstar       |       |       |       |     3 ||     3
  Throw: Large rock        |       |       |       |     4 ||     4
 Invoke: Serpent's Lash    |       |       |     1 |     5 ||     6
Ability: Lunge             |       |     3 |    18 |    14 ||    35
         Whirlwind         |       |     6 |    32 |    29 ||    67
         Wall Jump         |       |       |       |     2 ||     2
  Evoke: Wand              |       |       |     2 |     2 ||     4
    Use: Potion            |     1 |     4 |     1 |    14 ||    20
         Scroll            |       |       |     7 |     6 ||    13
   Stab: Invisible         |       |       |       |     4 ||     4
 Armour: Robe              |    38 |   124 |   162 |    55 ||   379
         Skin              |     6 |       |    15 |    13 ||    34
         Animal skin       |       |       |       |   108 ||   108
  Dodge: Dodged            |    17 |    92 |   113 |   138 ||   360

Table legend: (Time is in decaauts)
 A = Elapsed time spent in this place.
 B = Non-inter-level travel time spent in this place.
 C = Inter-level travel time spent in this place.
 D = Time resting spent in this place.
 E = Time spent auto-exploring this place.
 F = Levels seen in this place.
 G = Mean time per level.
                   A        B        C        D        E       F      G
               +--------+--------+--------+--------+--------+-----+--------+
         Total |   7911 |   7453 |    458 |    372 |   5514 |  12 |  659.2 |
       Dungeon |   7725 |   7267 |    458 |    367 |   5418 |  10 |  772.5 |
        Temple |      1 |      1 |      0 |      0 |      0 |   1 |    1.0 |
       Ossuary |    184 |    184 |      0 |      5 |     96 |   1 |  184.0 |
               +--------+--------+--------+--------+--------+-----+--------+

Top non-repeatable levels by time:
     D:8: 1372 daAuts
     D:2: 1092 daAuts
     D:4: 912 daAuts
     D:6: 891 daAuts
     D:9: 834 daAuts
     D:3: 776 daAuts
     D:5: 733 daAuts
     D:1: 618 daAuts
     D:7: 476 daAuts
 Ossuary: 184 daAuts
    D:10: 17 daAuts
  Temple: 1 daAuts
